TOP OF THE 1ST |
Ohio State Buckeyes batting - Pitching for Louisiana State Tigers : LHP Ernest Hutchinson
|
Pitching: LHP Ernest Hutchinson
|
|
Batting: RHB Rudy Boyd
|
0-0: Fly out, F9 (Flyball, 89M)
|
Batting: RHB Josh Joyner
|
0-0: Ball 1-0: Called Strike 1-1: Foul Ball, location: 2F 1-2: Strikes out looking
|
Batting: RHB Jeff Peterson
|
0-0: Swinging Strike 0-1: Called Strike 0-2: Ball 1-2: Ball 2-2: Strikes out swinging
|
Top of the 1st over - 0 run(s), 0 hit(s), 0 error(s), 0 left on base; Ohio State 0 - Louisiana State 0 |
BOTTOM OF THE 1ST |
Louisiana State Tigers batting - Pitching for Ohio State Buckeyes : RHP Rick Ledezma
|
Pitching: RHP Rick Ledezma
|
|
Batting: RHB Jeff Buck
|
0-0: Ball 1-0: Foul Ball, location: 2F 1-1: Ball 2-1: Foul Ball, location: 2F 2-2: Ground out 6-3 (Groundball, 6)
|
Batting: RHB Jacob Glasspool
|
0-0: Ball 1-0: Called Strike 1-1: Foul Ball, location: 2F 1-2: Ground out 6-3 (Groundball, 6)
|
Batting: RHB Ethan Ramos
|
0-0: Ground out 6-3 (Groundball, 6)
|
Bottom of the 1st over - 0 run(s), 0 hit(s), 0 error(s), 0 left on base; Ohio State 0 - Louisiana State 0 |
TOP OF THE 2ND |
Ohio State Buckeyes batting - Pitching for Louisiana State Tigers : LHP Ernest Hutchinson
|
Batting: LHB Josh Armstrong
|
0-0: Ball 1-0: Called Strike 1-1: Called Strike 1-2: Ball 2-2: Foul Ball, location: 2F 2-2: Ball 3-2: Strikes out looking
|
Batting: RHB Edgardo Gonzáles
|
0-0: Called Strike 0-1: Foul Ball, location: 2F 0-2: Ball 1-2: Foul Ball, location: 2F 1-2: Ball 2-2: Foul Ball, location: 2F 2-2: Fly out, F7 (Flyball, 78S)
|
Batting: RHB Pat Dwyer
|
0-0: Ball 1-0: Called Strike 1-1: Called Strike 1-2: Fly out, F9 (Flyball, 9)
|
Top of the 2nd over - 0 run(s), 0 hit(s), 0 error(s), 0 left on base; Ohio State 0 - Louisiana State 0 |
BOTTOM OF THE 2ND |
Louisiana State Tigers batting - Pitching for Ohio State Buckeyes : RHP Rick Ledezma
|
Batting: RHB José López
|
0-0: Ball 1-0: Ball 2-0: Swinging Strike 2-1: Called Strike 2-2: Ball 3-2: Fly out, F8 (Line Drive, 8LD)
|
Batting: RHB Jonathan Jackson
|
0-0: Ball 1-0: Called Strike 1-1: Fly out, F5 (Line Drive, 56D)
|
Batting: RHB John Howell
|
0-0: Ball 1-0: Ball 2-0: Swinging Strike 2-1: Called Strike 2-2: Foul Ball, location: 2F 2-2: Strikes out swinging
|
Bottom of the 2nd over - 0 run(s), 0 hit(s), 0 error(s), 0 left on base; Ohio State 0 - Louisiana State 0 |
TOP OF THE 3RD |
Ohio State Buckeyes batting - Pitching for Louisiana State Tigers : LHP Ernest Hutchinson
|
Batting: LHB Kenneth Key
|
0-0: Ball 1-0: Ball 2-0: Ball 3-0: Called Strike 3-1: Foul Ball, location: 2F 3-2: Fly out, F7 (Flyball, 7LM)
|
Batting: RHB Ollie Buchanan
|
0-0: Foul Ball, location: 2F 0-1: Ground out 1-3 (Groundball, P)
|
Batting: RHB Dale Hernández
|
0-0: Ball 1-0: Ground out 5-3 (Groundball, 5L)
|
Top of the 3rd over - 0 run(s), 0 hit(s), 0 error(s), 0 left on base; Ohio State 0 - Louisiana State 0 |
BOTTOM OF THE 3RD |
Louisiana State Tigers batting - Pitching for Ohio State Buckeyes : RHP Rick Ledezma
|
Batting: RHB Tony Young
|
0-0: Ball 1-0: Swinging Strike 1-1: Ball 2-1: Ball 3-1: Called Strike 3-2: Strikes out swinging
|
Batting: RHB Ernesto Quintero
|
0-0: Called Strike 0-1: Ball 1-1: Ball 2-1: Called Strike 2-2: Ball 3-2: SINGLE (Groundball, 6D)
|
Batting: RHB Mike Cooley
|
0-0: Ball 1-0: Ball 2-0: Grounds into double play, 4-6-3 (Groundball, 4)
|
Bottom of the 3rd over - 0 run(s), 1 hit(s), 0 error(s), 0 left on base; Ohio State 0 - Louisiana State 0 |
TOP OF THE 4TH |
Ohio State Buckeyes batting - Pitching for Louisiana State Tigers : LHP Ernest Hutchinson
|
Batting: RHB Rudy Boyd
|
0-0: Ball 1-0: Foul Ball, location: 2F 1-1: Ball 2-1: Called Strike 2-2: Strikes out swinging
|
Batting: RHB Josh Joyner
|
0-0: Ball 1-0: Called Strike 1-1: Ground out 5-3 (Groundball, 56)
|
Batting: RHB Jeff Peterson
|
0-0: Ball 1-0: Swinging Strike 1-1: Ball 2-1: Ball 3-1: Ground out 5-3 (Groundball, 5S)
|
Top of the 4th over - 0 run(s), 0 hit(s), 0 error(s), 0 left on base; Ohio State 0 - Louisiana State 0 |
BOTTOM OF THE 4TH |
Louisiana State Tigers batting - Pitching for Ohio State Buckeyes : RHP Rick Ledezma
|
Batting: RHB Jeff Buck
|
0-0: Foul Ball, location: 2F 0-1: Foul Ball, location: 2F 0-2: SINGLE (Flyball, 8RS)
|
Batting: RHB Jacob Glasspool
|
0-0: Called Strike 0-1: Ball 1-1: Ball 2-1: Ball 3-1: DOUBLE (Line Drive, 78S) Jeff Buck to third
|
Batting: RHB Ethan Ramos
|
0-0: Called Strike 0-1: Ball 1-1: Ball 2-1: Fly out, F9 (Flyball, 89M) Runner from 3rd tags up, SCORES, no throw
|
Batting: RHB José López
|
0-0: Ground out 5-3 (Groundball, 5)
|
Batting: RHB Jonathan Jackson
|
0-0: Fly out, F6 (Popup, 6S)
|
Bottom of the 4th over - 1 run(s), 2 hit(s), 0 error(s), 1 left on base; Ohio State 0 - Louisiana State 1 |
TOP OF THE 5TH |
Ohio State Buckeyes batting - Pitching for Louisiana State Tigers : LHP Ernest Hutchinson
|
Batting: LHB Josh Armstrong
|
0-0: Swinging Strike 0-1: Foul Ball, location: 2F 0-2: Strikes out swinging
|
Batting: RHB Edgardo Gonzáles
|
0-0: Called Strike 0-1: Called Strike 0-2: Ball 1-2: Strikes out looking
|
Batting: RHB Pat Dwyer
|
0-0: Ball 1-0: Foul Ball, location: 2F 1-1: Foul Ball, location: 2F 1-2: Ball 2-2: Ground out 1-3 (Groundball, 15S)
|
Top of the 5th over - 0 run(s), 0 hit(s), 0 error(s), 0 left on base; Ohio State 0 - Louisiana State 1 |
BOTTOM OF THE 5TH |
Louisiana State Tigers batting - Pitching for Ohio State Buckeyes : RHP Rick Ledezma
|
Batting: RHB John Howell
|
0-0: Reached on error, E6 (Groundball, 6)
|
Batting: RHB Tony Young
|
0-0: Called Strike 0-1: Called Strike 0-2: Ball 1-2: Ball 2-2: Ground out 6-3 (Groundball, 6M) John Howell to third
|
Batting: RHB Ernesto Quintero
|
0-0: Ball 1-0: Ball 2-0: Foul Ball, location: 2F 2-1: Called Strike 2-2: Ball 3-2: Foul Ball, location: 2F 3-2: Base on Balls
|
Batting: RHB Mike Cooley
|
0-0: Foul Ball, location: 2F 0-1: Ball 1-1: Called Strike 1-2: Ball 2-2: Ball 3-2: Foul Ball, location: 2F 3-2: Fly out, F9 (Flyball, 89M) Runner from 3rd tags up, SCORES, throw made
|
Batting: RHB Jeff Buck
|
0-0: Foul Ball, location: 2F 0-1: Ball Passed Ball! Ernesto Quintero to second 1-1: Foul Ball, location: 2F 1-2: Ball 2-2: Ball 3-2: Foul Ball, location: 2F 3-2: Foul Ball, location: 2F 3-2: Strikes out looking
|
Bottom of the 5th over - 1 run(s), 0 hit(s), 1 error(s), 1 left on base; Ohio State 0 - Louisiana State 2 |
TOP OF THE 6TH |
Ohio State Buckeyes batting - Pitching for Louisiana State Tigers : LHP Ernest Hutchinson
|
Batting: LHB Kenneth Key
|
0-0: Foul Ball, location: 2F 0-1: Swinging Strike 0-2: Foul Ball, location: 2F 0-2: Ball 1-2: Foul Ball, location: 2F 1-2: Ball 2-2: Strikes out swinging
|
Batting: RHB Ollie Buchanan
|
0-0: Foul Ball, location: 2F 0-1: Called Strike 0-2: Ball 1-2: Ground out 4-3 (Groundball, 34)
|
Batting: RHB Dale Hernández
|
0-0: Ball 1-0: Foul Ball, location: 2F 1-1: Swinging Strike 1-2: Strikes out swinging
|
Top of the 6th over - 0 run(s), 0 hit(s), 0 error(s), 0 left on base; Ohio State 0 - Louisiana State 2 |
BOTTOM OF THE 6TH |
Louisiana State Tigers batting - Pitching for Ohio State Buckeyes : RHP Rick Ledezma
|
Pitching: RHP Jorge Morales
|
|
Batting: RHB Jacob Glasspool
|
0-0: Ball 1-0: SINGLE (Groundball, 34D)
|
Batting: RHB Ethan Ramos
|
0-0: Ball 1-0: Foul Ball, location: 2F 1-1: Foul Ball, location: 2F 1-2: Strikes out swinging
|
Batting: RHB José López
|
0-0: Hit by Pitch Jacob Glasspool to second
|
Batting: RHB Jonathan Jackson
|
0-0: Called Strike 0-1: Called Strike 0-2: Ball 1-2: Ball 2-2: Foul Ball, location: 2F 2-2: SINGLE (Flyball, 7LS) Jacob Glasspool to third José López to second
|
Batting: RHB John Howell
|
0-0: Ball 1-0: SINGLE (Line Drive, 89S) Jacob Glasspool scores José López to third Jonathan Jackson to second
|
Batting: RHB Tony Young
|
0-0: DOUBLE (Line Drive, 78M) José López scores Jonathan Jackson scores John Howell to third
|
Pitching: RHP Desi Smith
|
|
Batting: RHB Ernesto Quintero
|
0-0: Called Strike 0-1: Foul Ball, location: 2F 0-2: Ball 1-2: Ball 2-2: Ball 3-2: Foul Ball, location: 2F 3-2: Ground out 5-3 (Groundball, 5S)
|
Batting: RHB Mike Cooley
|
0-0: Fly out, F6 (Popup, 5D)
|
Bottom of the 6th over - 3 run(s), 4 hit(s), 0 error(s), 2 left on base; Ohio State 0 - Louisiana State 5 |
TOP OF THE 7TH |
Ohio State Buckeyes batting - Pitching for Louisiana State Tigers : LHP Ernest Hutchinson
|
Batting: RHB Rudy Boyd
|
0-0: Ball 1-0: Called Strike 1-1: Foul Ball, location: 2F 1-2: Strikes out swinging, 2-3 out at first.
|
Batting: RHB Josh Joyner
|
0-0: Called Strike 0-1: Ball 1-1: Fly out, F7 (Line Drive, 7S)
|
Batting: RHB Jeff Peterson
|
0-0: Called Strike 0-1: Ball 1-1: Ground out 4-3 (Groundball, 4)
|
Top of the 7th over - 0 run(s), 0 hit(s), 0 error(s), 0 left on base; Ohio State 0 - Louisiana State 5 |
BOTTOM OF THE 7TH |
Louisiana State Tigers batting - Pitching for Ohio State Buckeyes : RHP Desi Smith
|
Batting: RHB Jeff Buck
|
0-0: Ball 1-0: Fly out, F9 (Flyball, 9LM)
|
Batting: RHB Jacob Glasspool
|
0-0: Ball 1-0: Ball 2-0: Called Strike 2-1: Called Strike 2-2: Foul Ball, location: 2F 2-2: SINGLE (Groundball, 56D)
|
Batting: RHB Ethan Ramos
|
0-0: Ball 1-0: Fly out, F8 (Flyball, 8RM)
|
Batting: RHB José López
|
0-0: Called Strike Jacob Glasspool steals 2nd base 0-1: Ball 1-1: SINGLE (Groundball, 56D) Jacob Glasspool to third Runner from 3rd tries for Home, SAFE, no throw
|
Batting: RHB Jonathan Jackson
|
0-0: Called Strike 0-1: Ball 1-1: Fly out, F9 (Flyball, 9S)
|
Bottom of the 7th over - 1 run(s), 2 hit(s), 0 error(s), 1 left on base; Ohio State 0 - Louisiana State 6 |
TOP OF THE 8TH |
Ohio State Buckeyes batting - Pitching for Louisiana State Tigers : LHP Ernest Hutchinson
|
Batting: LHB Josh Armstrong
|
0-0: Ball 1-0: Fly out, F8 (Line Drive, 78M)
|
Batting: RHB Edgardo Gonzáles
|
0-0: Ball 1-0: Called Strike 1-1: SINGLE (Groundball, 6MD)
|
Pitching: RHP Manny Castro
|
|
Batting: RHB Pat Dwyer
|
0-0: Ball 1-0: Ball 2-0: Ball 3-0: Base on Balls Edgardo Gonzáles to second
|
Batting: LHB Kenneth Key
|
0-0: Called Strike 0-1: Swinging Strike 0-2: Ball 1-2: Ball 2-2: Foul Ball, location: 2F 2-2: Ball 3-2: Base on Balls Edgardo Gonzáles to third Pat Dwyer to second
|
Batting: RHB Ollie Buchanan
|
0-0: Ball 1-0: Foul Ball, location: 2F 1-1: Grounds into fielders choice 1-2 (Groundball, P) Pat Dwyer to third Kenneth Key to second
|
Batting: RHB Dale Hernández
|
0-0: Called Strike 0-1: Foul Ball, location: 2F 0-2: Foul Ball, location: 2F 0-2: Foul Ball, location: 2F 0-2: GRAND SLAM HOME RUN (Flyball, 8LXD), Distance : 382 ft
|
Pitching: RHP Doug Thomas
|
|
Batting: RHB Rudy Boyd
|
0-0: Called Strike 0-1: Called Strike 0-2: Ball 1-2: Fly out, F8 (Flyball, 8RM)
|
Top of the 8th over - 4 run(s), 2 hit(s), 0 error(s), 0 left on base; Ohio State 4 - Louisiana State 6 |
BOTTOM OF THE 8TH |
Louisiana State Tigers batting - Pitching for Ohio State Buckeyes : RHP Desi Smith
|
Batting: RHB John Howell
|
0-0: Ball 1-0: Called Strike 1-1: Foul Ball, location: 2F 1-2: Ground out 1-3 (Groundball, 15S)
|
Batting: RHB Tony Young
|
0-0: Ball 1-0: Swinging Strike 1-1: Foul Ball, location: 2F 1-2: Ground out 5-3 (Groundball, 56)
|
Batting: RHB Ernesto Quintero
|
0-0: Swinging Strike 0-1: Fly out, F3 (Flyball, 3DF)
|
Bottom of the 8th over - 0 run(s), 0 hit(s), 0 error(s), 0 left on base; Ohio State 4 - Louisiana State 6 |
TOP OF THE 9TH |
Ohio State Buckeyes batting - Pitching for Louisiana State Tigers : RHP Doug Thomas
|
Pitching: LHP Augusto García
|
|
Batting: RHB Josh Joyner
|
0-0: Ball 1-0: Called Strike 1-1: Ball 2-1: Foul Ball, location: 2F 2-2: Foul Ball, location: 2F 2-2: Strikes out swinging
|
Batting: RHB Jeff Peterson
|
0-0: SINGLE (Groundball, 6D)
|
Batting: LHB Josh Armstrong
|
0-0: Ball 1-0: Ball 2-0: Called Strike 2-1: Swinging Strike 2-2: Strikes out looking
|
Batting: RHB Edgardo Gonzáles
|
0-0: SINGLE (Groundball, 34D) Jeff Peterson to second
|
Pinch Hitting: SHB Travis Shannon
|
0-0: Ball 1-0: Called Strike 1-1: Ball 2-1: Foul Ball, location: 2F 2-2: Ball 3-2: Strikes out looking
|
Top of the 9th over - 0 run(s), 2 hit(s), 0 error(s), 2 left on base; Ohio State 4 - Louisiana State 6 |
|